 Dungeon Crawl Stone Soup version 0.17.1-2-g5865329 (webtiles) character file.

57477 FortyThree the Black Belt (level 14, -1/99 HPs)
             Began as an Octopode Monk on Jan 28, 2016.
             Was the Champion of Dithmenos.
             Slain by a sixfirhy (4 damage)
             ... summoned by an orc high priest
             ... on level 2 of the Orcish Mines on Jan 30, 2016.
             The game lasted 01:34:05 (28482 turns).

FortyThree the Black Belt (Octopode Monk)          Turns: 28482, Time: 01:34:06

Health: -1/99      AC: 11    Str: 11    XL:     14   Next: 86%
Magic:  21/21      EV: 17    Int: 18    God:    Dithmenos [******]
Gold:   1649       SH:  0    Dex: 23    Spells: 3 memorised, 13 levels left

rFire  + . .     SeeInvis .       - Unarmed
rCold  + . .     Clarity  .     (no shield)
rNeg   . . .     SustAt   .     h - +2 hat
rPois  .         Gourm    .     G - amulet of resist mutation
rElec  .         Spirit   .     c - +5 ring of protection
rCorr  .         Warding  .     k - ring of protection from cold
rMut   +         Stasis   .     U - ring of protection from magic
MR     ++...                    i - +4 ring of intelligence
Stlth  ++++++++..               g - ring of fire
                                v - +6 ring of dexterity
                                O - +3 ring of protection
                                r - ring of protection from cold

@: wreathed by umbra, very resistant to hostile enchantments, extraordinarily
stealthy
A: almost no armour, amphibious, 8 rings, constrict 8, camouflage 1, gelatinous
body 1
a: Shadow Step, Shadow Form, Renounce Religion


You were on level 2 of the Orcish Mines.
You worshipped Dithmenos.
Dithmenos was exalted by your worship.
You were not hungry.

You visited 4 branches of the dungeon, and saw 22 of its levels.
You also visited: Bailey and Volcano.

You collected 1754 gold pieces.
You spent 105 gold pieces at shops.

Inventory:

Armour
 h - a +2 hat (worn)
 y - the +0 buckler of Hempuus {Str+8}
   (You found it on level 8 of the Dungeon)

   It affects your strength (+8).
Jewellery
 c - a +5 ring of protection (left tentacle)
 d - an uncursed ring of positive energy
 g - a ring of fire (on tentacle)
 i - a +4 ring of intelligence (on tentacle)
 k - a ring of protection from cold (right tentacle)
 n - an uncursed ring of sustain attributes
 r - a ring of protection from cold (on tentacle)
 v - a +6 ring of dexterity (on tentacle)
 G - an amulet of resist mutation (around mantle)
 J - an uncursed ring of magical power
 O - a +3 ring of protection (on tentacle)
 U - a ring of protection from magic (on tentacle)
Wands
 j - a wand of teleportation (1)
 M - a wand of disintegration (3)
 S - a wand of disintegration (12)
 T - a wand of cold (8)
Scrolls
 e - a scroll of silence
 o - 9 scrolls of remove curse
 q - 4 scrolls of amnesia
 w - 3 scrolls of blinking
 C - 4 scrolls of enchant weapon
 F - 3 scrolls of recharging
 I - 4 scrolls of fear
 K - 2 scrolls of teleportation
 P - a scroll of identify
 R - a scroll of holy word
Potions
 b - 3 potions of cure mutation
 x - a potion of flight {unknown}
 A - a potion of brilliance
 B - a potion of lignification
 D - 2 potions of agility
 E - 2 potions of might
 L - 2 potions of cancellation
 N - 3 potions of curing
 Q - a potion of ambrosia
Books
 f - a book of Party Tricks

   Spells                             Type                      Level
   a - Summon Butterflies             Summoning                    1
   b - Apportation                    Translocation                1
   c - Tukima's Dance                 Hexes                        3
   d - Alistair's Intoxication        Transmutation/Poison         4
   e - Invisibility                   Hexes                        6
 l - the Grimoire of Excruciating Poison
   (You found it on level 2 of the Lair of Beasts)

   Spells                             Type                      Level
   a - Cure Poison                    Poison                       2
   b - Mephitic Cloud                 Conjuration/Poison/Air       3
   c - Alistair's Intoxication        Transmutation/Poison         4
   d - Venom Bolt                     Conjuration/Poison           5
   e - Poisonous Cloud                Conjuration/Poison/Air       6
 s - an Akashic Record

   Spells                             Type                      Level
   a - Dispersal                      Translocation                6
   b - Malign Gateway                 Summoning/Translocation      7
   c - Disjunction                    Translocation                8
   d - Controlled Blink               Translocation                8
 t - a book of Conjurations

   Spells                             Type                      Level
   a - Magic Dart                     Conjuration                  1
   b - Searing Ray                    Conjuration                  2
   c - Dazzling Spray                 Conjuration/Hexes            3
   d - Fulminant Prism                Conjuration/Hexes            4
   e - Iskenderun's Mystic Blast      Conjuration                  4
   f - Iskenderun's Battlesphere      Conjuration/Charms           5
 z - a book of Transfigurations

   Spells                             Type                      Level
   a - Stoneskin                      Transmutation/Earth          2
   b - Irradiate                      Conjuration/Transmutation    5
   c - Statue Form                    Transmutation/Earth          6
   d - Hydra Form                     Transmutation                6
   e - Dragon Form                    Transmutation                7
 H - a book of Burglary

   Spells                             Type                      Level
   a - Swiftness                      Charms/Air                   2
   b - Passwall                       Transmutation/Earth          3
   c - Passage of Golubria            Translocation                4
   d - Lee's Rapid Deconstruction     Earth                        5
   e - Darkness                       Hexes                        6
   f - Invisibility                   Hexes                        6
Comestibles
 a - 6 bread rations
 m - 9 meat rations
 p - 5 royal jellies
 u - 3 fruits


   Skills:
 - Level 10.0 Fighting
 - Level 10.1 Dodging
 - Level 4.0 Stealth
 - Level 15.1 Unarmed Combat
 - Level 5.3 Spellcasting
 + Level 10.7 Transmutations
 + Level 10.4 Earth Magic


You had 13 spell levels left.
You knew the following spells:

 Your Spells              Type           Power        Failure   Level  Hunger
a - Stoneskin             Trmt/Erth      #####...     1%          2    #......
b - Swiftness             Chrm/Air       #.......     21%         2    #......
c - Statue Form           Trmt/Erth      #####....    30%         6    #######


Dungeon Overview and Level Annotations

Branches:
Dungeon (10/15)            Temple (1/1) D:4            Lair (8/8) D:10
 Shoals (0/4) Lair:4        Snake (0/4) Lair:3        Slime (0/6) Lair:6
    Orc (3/4) D:9
    Elf: Orc:3-4

Altars:
Ashenzari
Cheibriados
Dithmenos
Elyvilon
Fedhas
Gozag
Kikubaaqudgha
Makhleb
Nemelex Xobeh
Okawaru
Qazlal
Ru
Sif Muna
Trog
Vehumet
Xom
Yredelemnul
Zin
The Shining One

Shops:
D:8 ?:   D:9 ?

Annotations:
D:3 Natasha
Lair:1 exclusion: hydra
Lair:2 Gastronok
Lair:3 Snorg
Lair:5 exclusion: oklob plant
Lair:6 exclusion: oklob plant
Orc:3 Sonja


Innate Abilities, Weirdness & Mutations

You cannot wear most types of armour.
You are amphibious.
You can wear up to eight rings at the same time.
You can use your tentacles to constrict eight enemies at once.
Your skin changes colour to match your surroundings (Stealth).
Your rubbery body absorbs attacks (AC +1).


Message History

The sixfirhy misses you. x2
The sixfirhy barely misses you.
The sixfirhy hits you but does no damage.
The sixfirhy hits you but does no damage.
The sixfirhy hits you. The sixfirhy shocks you! The sixfirhy hits you!
* * * LOW HITPOINT WARNING * * *
You emit a cloud of dark smoke.
The sixfirhy shocks you!
* * * LOW HITPOINT WARNING * * *
The sixfirhy misses you.
The sixfirhy hits you but does no damage.
You are too injured to fight recklessly!
Your skin feels tender.
The sixfirhy completely misses you.
There is a stone staircase leading up here.
The sixfirhy barely misses you. The sixfirhy hits you!
* * * LOW HITPOINT WARNING * * *
The sixfirhy shocks you!
* * * LOW HITPOINT WARNING * * *
The sixfirhy misses you. The sixfirhy hits you.
You die...

## ### ##.##.##
## #....§.#
##.##. #.§§§@##
#.$... ##§§4§.#
#.....##§§§§§.##
#....#.§§§#...# #
#.§......>..##
##.#...4o##.#...#
#.....)§§.#.##.##
#...§§>†§......#
##..§3)§...##.##


You could see a sixfirhy.

Vanquished Creatures
  Kirke (Lair:6)
  Maud (Orc:3)
  The ghost of pedritolo the Warrior, a journeyman DsCK of Xom (Lair:8)
  3 dire elephants (Lair:8)
  6 hydras
  A catoblepas (Lair:8)
  An anaconda (Lair:8)
  7 death yaks
  The ghost of FortyThree the Martial Artist, a novice OpTm of Gozag (Bailey)
  A fire crab (Lair:7)
  A harpy (Lair:4)
  Pikel (D:6)
  An orc knight (Orc:3)
  A manticore (Lair:4)
  5 griffons
  6 black mambas
  13 elephants
  A molten gargoyle (Volcano)
  2 gargoyles (Volcano)
  Psyche (D:8)
  15 spiny frogs
  3 komodo dragons
  A queen bee (Lair:4)
  4 fire drakes
  2 polar bears
  2 two-headed ogres (D:10)
  7 blink frogs
  A centaur simulacrum (D:9)
  18 yaks
  A fire elemental (Volcano)
  3 basilisks
  A hog (Lair:6)
  2 wyverns
  Grum (D:8)
  A deep elf fighter (D:10)
  3 nagas
  3 hungry ghosts
  Menkaure (D:5)
  12 hippogriffs
  18 wolves
  The ghost of Charly the Charmwright, an amateur OpSk of Cheibriados (D:6)
  10 water moccasins
  24 porcupines
  A slave (D:7)
  5 sky beasts
  8 orc warriors
  An ice beast (D:5)
  A black bear (D:7)
  3 phantoms
  A centaur (D:7)
  8 ogres
  15 giant frogs
  18 crocodiles
  A wyvern skeleton (D:9)
  3 scorpions
  2 troll zombies (D:9)
  25 killer bees
  A quasit (D:6)
  15 wights
  A centaur skeleton (D:7)
  5 crimson imps
  A centaur zombie (D:7)
  A giant frog skeleton (D:7)
  6 hounds
  8 jellies
  5 worker ants
  11 orc priests
  Natasha (D:3)
  6 iguanas
  15 orc wizards
  6 ogre zombies (D:9)
  2 hound zombies
  5 gnolls
  9 adders
  3 shadow imps
  45 river rats
  An ooze (Lair:6)
  3 worms
  6 giant geckos
  96 orcs
  A ball python (D:2)
  18 bats
  4 giant cockroaches
  9 goblins
  15 hobgoblins
  6 jackals
  4 quokkas
  4 giant newts
  3 goblin skeletons (D:9)
  3 goblin zombies (D:9)
  2 hobgoblin zombies (D:9)
  18 kobolds
  5 orc skeletons (D:9)
  12 orc zombies (D:9)
  A quokka zombie (D:5)
  13 rats
  2 plants (Lair:8)
653 creatures vanquished.

Vanquished Creatures (others)
  A torpor snail (Lair:6)
  2 humans (Lair:6)
  A hippogriff (Lair:6)
  A worker ant (D:7)
  2 slaves (D:7)
  An adder (D:7)
  A gnoll (D:7)
  2 orcs (D:7)
  A goblin (D:7)
  2 kobolds (D:7)
  A bush (Lair:8)
  18 fungi
  29 plants
62 creatures vanquished.

Grand Total: 715 creatures vanquished

Notes
Turn   | Place    | Note
--------------------------------------------------------------
     0 | D:1      | FortyThree the Octopode Monk began the quest for the Orb.
     0 | D:1      | Reached XP level 1. HP: 16/16 MP: 1/1
   732 | D:2      | Reached XP level 2. HP: 21/21 MP: 2/2
   794 | D:2      | Reached skill level 5 in Unarmed Combat
   794 | D:2      | Reached XP level 3. HP: 26/26 MP: 3/3
  1153 | D:2      | Found a deep blue altar of Sif Muna.
  1424 | D:3      | Found a faded altar to an unknown god.
  1442 | D:3      | Reached XP level 4. HP: 31/31 MP: 4/4
  1720 | D:3      | Noticed Natasha
  1725 | D:3      | Killed Natasha
  1801 | D:3      | Noticed Natasha
  2016 | D:3      | Found a glowing golden altar of the Shining One.
  2236 | D:4      | Reached skill level 6 in Unarmed Combat
  2238 | D:4      | Found a staircase to the Ecumenical Temple.
  2247 | Temple   | Entered the Ecumenical Temple
  2316 | Temple   | Became a worshipper of Dithmenos the Shadowed
  2316 | Temple   | Reached * piety under Dithmenos
  2316 | Temple   | Reached ** piety under Dithmenos
  2367 | D:4      | Reached XP level 5. HP: 25/36 MP: 5/5
  3054 | D:4      | Reached skill level 7 in Unarmed Combat
  3054 | D:4      | Reached XP level 6. HP: 33/42 MP: 6/6
  3412 | D:4      | Reached skill level 8 in Unarmed Combat
  3538 | D:5      | Entered Level 5 of the Dungeon
  3678 | D:5      | Reached XP level 7. HP: 46/46 MP: 7/7
  3881 | D:5      | Noticed Menkaure
  4125 | D:5      | Killed Menkaure
  4125 | D:5      | Reached skill level 9 in Unarmed Combat
  4253 | D:5      | Found a snail-covered altar of Cheibriados.
  4260 | D:5      | Reached *** piety under Dithmenos
  4311 | D:5      | Reached XP level 8. HP: 33/52 MP: 8/8
  4515 | D:5      | Reached skill level 10 in Unarmed Combat
  5267 | D:6      | Noticed Charly's ghost (amateur OpSk)
  5292 | D:6      | Killed Charly's ghost
  5467 | D:6      | Found a shattered altar of Ashenzari.
  5468 | D:6      | Found a radiant altar of Vehumet.
  5473 | D:6      | Found a burning altar of Makhleb.
  5793 | D:6      | Reached skill level 5 in Fighting
  5793 | D:6      | Reached skill level 5 in Dodging
  5793 | D:6      | Reached XP level 9. HP: 59/61 MP: 9/9
  6126 | D:7      | Noticed Pikel
  6288 | D:6      | Killed Pikel
  6444 | D:7      | Reached **** piety under Dithmenos
  7140 | D:8      | Got a slimy buckler
  7141 | D:8      | Identified the +0 buckler of Hempuus {Str+8} (You found it on level 8 of the Dungeon)
  7245 | D:8      | Reached XP level 10. HP: 34/71 MP: 10/10
  7359 | D:8      | Found Waovyoni's Book Emporium.
  7365 | D:8      | Found a flagged portal.
  7373 | Bailey   | Entered a bailey
  7375 | Bailey   | Noticed FortyThree's ghost (novice OpTm)
  7384 | Bailey   | Killed FortyThree's ghost
  7930 | Bailey   | Found a bloodstained altar of Trog.
  7970 | D:8      | Found Ogiuc's Magic Scroll Shop.
  8021 | D:8      | Found a stormy altar of Qazlal.
  8130 | D:8      | Noticed Psyche
  8482 | D:8      | Killed Psyche
  8749 | D:9      | Noticed Grum
  9546 | D:9      | Reached ***** piety under Dithmenos
  9576 | D:8      | Killed Grum
  9660 | D:9      | Found a snail-covered altar of Cheibriados.
  9856 | D:9      | Found an iron altar of Okawaru.
  9883 | D:9      | Reached skill level 10 in Dodging
  9883 | D:9      | Reached XP level 11. HP: 72/81 MP: 11/11
  9914 | D:9      | Reached skill level 10 in Fighting
 10041 | D:9      | Found a staircase to the Orcish Mines.
 10679 | D:9      | Found Utwy's Magic Scroll Shop.
 10687 | D:9      | Bought a scroll of blinking for 105 gold pieces
 10766 | D:10     | Entered Level 10 of the Dungeon
 10818 | D:10     | Found a staircase to the Lair.
 10934 | D:10     | Learned a level 2 spell: Stoneskin
 10955 | D:10     | Noticed an ogre mage
 10979 | D:10     | Reached skill level 11 in Unarmed Combat
 11052 | D:10     | Reached skill level 1 in Transmutations
 11685 | D:10     | Noticed a hill giant
 11736 | Lair:1   | Entered Level 1 of the Lair of Beasts
 11836 | Lair:1   | Noticed a four-headed hydra
 12097 | Lair:1   | Found a dark tunnel.
 12112 | Volcano  | Entered a volcano
 12848 | Lair:2   | Reached skill level 12 in Unarmed Combat
 13129 | Lair:2   | Noticed Gastronok
 13206 | Lair:2   | Reached ****** piety under Dithmenos
 13552 | Lair:2   | Identified the Grimoire of Excruciating Poison
 13942 | Lair:3   | Reached XP level 12. HP: 79/87 MP: 12/12
 14042 | Lair:3   | Found a staircase to the Snake Pit.
 14064 | Lair:2   | Reached skill level 13 in Unarmed Combat
 14452 | Lair:3   | Noticed Snorg
 14489 | Lair:3   | Reached skill level 1 in Earth Magic
 16038 | Lair:4   | Found a staircase to the Shoals.
 16059 | Lair:4   | Reached skill level 14 in Unarmed Combat
 16959 | Lair:4   | Reached skill level 5 in Earth Magic
 17321 | Lair:5   | Reached XP level 13. HP: 92/92 MP: 13/13
 17416 | Lair:5   | Noticed an eight-headed hydra
 17429 | Lair:5   | Killed an eight-headed hydra
 17429 | Lair:5   | Reached skill level 15 in Unarmed Combat
 17901 | Lair:5   | Reached skill level 1 in Spellcasting
 18081 | Lair:5   | Noticed an eight-headed hydra
 18095 | Lair:5   | Killed an eight-headed hydra
 18866 | Lair:4   | Reached skill level 5 in Transmutations
 19636 | Lair:6   | Noticed Kirke
 19779 | Lair:6   | Found a staircase to the Slime Pits.
 20860 | Lair:6   | Noticed a sphinx
 20860 | Lair:6   | Killed Kirke
 20860 | Lair:6   | Reached skill level 5 in Spellcasting
 20867 | Lair:6   | Learned a level 2 spell: Swiftness
 22570 | Lair:7   | Reached XP level 14. HP: 69/99 MP: 21/21
 22980 | Lair:8   | Entered Level 8 of the Lair of Beasts
 23343 | Lair:8   | Noticed pedritolo's ghost (journeyman DsCK)
 24593 | Lair:8   | Learned a level 6 spell: Statue Form
 24689 | Lair:8   | Killed pedritolo's ghost
 26404 | Lair:8   | Reached skill level 10 in Transmutations
 26904 | Lair:8   | Reached skill level 10 in Earth Magic
 27397 | Orc:1    | Entered Level 1 of the Orcish Mines
 28019 | Orc:3    | Noticed Maud
 28045 | Orc:3    | Killed Maud
 28405 | Orc:3    | Noticed Sonja
 28482 | Orc:2    | HP: 3/99 [sixfirhy[an orc high priest] (7)]
 28482 | Orc:2    | Slain by a sixfirhy

Action                   |  1- 3 |  4- 6 |  7- 9 | 10-12 | 13-15 || total
-------------------------+-------+-------+-------+-------+-------++-------
Melee: Unarmed           |    67 |    93 |   270 |   795 |   766 ||  1991
Throw: Stone             |     8 |       |       |     4 |       ||    12
 Cast: Stoneskin         |       |       |       |     1 |    27 ||    28
       Statue Form       |       |       |       |       |     2 ||     2
       Swiftness         |       |       |       |       |     1 ||     1
Evoke: Wand              |       |       |       |       |     6 ||     6
  Use: Scroll            |     5 |       |    14 |    16 |     3 ||    38
       Potion            |       |     1 |       |    13 |     8 ||    22
 Stab: Sleeping          |     5 |    14 |    23 |    48 |    28 ||   118
       Distracted        |       |     1 |     2 |    13 |     7 ||    23
       Invisible         |       |       |       |     1 |       ||     1
  Eat: Chunk             |       |     9 |     6 |     6 |    11 ||    32
       Beef jerky        |       |       |     1 |     4 |       ||     5
       Royal jelly       |       |       |     1 |     2 |     4 ||     7
       Fruit             |       |       |       |     4 |    18 ||    22
       Bread ration      |       |       |       |     3 |     1 ||     4
       Pizza             |       |       |       |     2 |       ||     2
